 Dungeon Crawl Stone Soup version 0.31-a0-267-g3fc6992b3b (webtiles) character file.

Game seed: 3329640701015924854

1496 qw the Skirmisher (level 8, -5/51 HPs)
             Began as a Gargoyle Hexslinger on July 13, 2023.
             Slain by Duvessa
             ... wielding a +0 short sword
              (9 damage)
             ... on level 5 of the Dungeon.
             The game lasted 00:03:15 (4407 turns).

qw the Skirmisher (Gargoyle Hexslinger)             Turns: 4407, Time: 00:03:16

Health: -5/51      AC: 16    Str: 12    XL:     8   Next: 81%
Magic:  9/9        EV: 11    Int: 14    God:
Gold:   265        SH:  0    Dex: 14    Spells: 8/9 levels left

rFire   . . .        Y - +1 sling
rCold   . . .        (no shield)
rNeg    + . .        h - +0 ring mail
rPois   inf          (no helmet)
rElec   +            i - +0 cloak
rCorr   +            (no gloves)
SInv    .            (no boots)
Will    .....        f - amulet of regeneration
Stlth   +            b - +4 ring of protection
HPRegen 1.08/turn    k - ring of resist corrosion
MPRegen 0.11/turn

%: no passive effects
@: about to teleport
A: sickness immunity, AC +5, negative energy resistance 1, electricity
resistance, torment resistance 1, petrification resistance
a: no special abilities


You were on level 5 of the Dungeon.
You visited 2 branches of the dungeon, and saw 6 of its levels.
You also visited: Sewer.

You collected 291 gold pieces.
You spent 26 gold pieces at shops.


Innate Abilities, Weirdness & Mutations

You are immune to sickness and miasma.
Your stone body is resilient. (AC +5)
You are immune to poison.
You resist negative energy. (rN+)
You are resistant to electric shocks. (rElec)
You are resistant to unholy torment.
You are immune to petrification.


   Skills:
 + Level 5.7 Fighting
 - Level 9.0 Ranged Weapons
 - Level 2.3 Armour
 - Level 2.2 Dodging
 - Level 1.0 Spellcasting
 - Level 2.6 Hexes


You had 8 spell levels left.
You knew the following spells:

 Your Spells              Type           Power      Damage    Failure   Level
a - Slow                  Hex            32%        N/A       19%         1

Your spell library contained the following spells:

 Spells                   Type           Power      Damage    Failure   Level
 Inner Flame              Hex/Fire       4%         N/A       69%         3
 Portal Projectile        Hex/Tloc       8%         N/A       69%         3
 Cause Fear               Hex            4%         N/A       88%         4

Inventory:

Hand Weapons
 Y - a +1 sling (weapon)
Armour
 h - a +0 ring mail (worn)
 i - a +0 cloak (worn)
 n - a +2 pair of boots
Jewellery
 b - a +4 ring of protection (left hand)
 f - an amulet of regeneration (around neck)
 k - a ring of resist corrosion (right hand)
 s - a +6 ring of intelligence
Scrolls
 c - a scroll of identify
 g - a scroll of enchant weapon {unknown}
 l - a scroll of amnesia {unknown}
 r - a scroll of teleportation
Potions
 a - 2 potions of cancellation
 d - 2 potions of haste
 j - a potion of resistance
 m - a potion of might
 o - 3 potions of mutation
 p - a potion of magic {unknown}
 q - a potion of enlightenment {unknown}

Dungeon Overview and Level Annotations

Branches:
Dungeon (5/15)             Temple (1/1) D:4           Sewer (visited)

Altars:
Cheibriados
Dithmenos
Gozag
Hepliaklqana
Kikubaaqudgha
Qazlal
Sif Muna
Vehumet
Wu Jian
Yredelemnul
Zin

Shops:
D:2 *

Annotations:
D:5 Duvessa


Message History

Duvessa hits you with a +0 short sword. Duvessa barely misses you.
You shoot a sling bullet. The sling bullet hits Duvessa.
Duvessa is lightly wounded.
Duvessa hits you but does no damage. Duvessa hits you with a +0 short sword.
You shoot a sling bullet.
The sling bullet hits Duvessa but does no damage.
Duvessa is lightly wounded.
Duvessa hits you with a +0 short sword.
You shoot a sling bullet.
The sling bullet hits Duvessa but does no damage.
Duvessa is lightly wounded.
Duvessa hits you but does no damage. Duvessa misses you.
You shoot a sling bullet.
The sling bullet hits Duvessa but does no damage.
Duvessa is lightly wounded.
Duvessa barely misses you.
You shoot a sling bullet.
The sling bullet hits Duvessa but does no damage.
Duvessa is lightly wounded.
Duvessa closely misses you. x2
You shoot a sling bullet. The sling bullet hits Duvessa.
Duvessa is lightly wounded.
Duvessa misses you. Duvessa closely misses you.
You shoot a sling bullet. The sling bullet hits Duvessa.
Duvessa is lightly wounded.
Duvessa hits you but does no damage.
You shoot a sling bullet.
The sling bullet hits Duvessa but does no damage.
Duvessa is lightly wounded.
Duvessa hits you with a +0 short sword. x2
You shoot a sling bullet. The sling bullet barely misses Duvessa.
Duvessa hits you with a +0 short sword! x2
4406 ||| READING 2 scrolls of teleportation.
As you read the scroll of teleportation, it crumbles to dust.
You feel strangely unstable. Duvessa closely misses you.
You shoot a sling bullet. The sling bullet hits Duvessa.
Duvessa is moderately wounded.
Duvessa hits you with a +0 short sword! x2
You die...

#....................#
#...................##
#...................#
#...................#
#...................#
#...................#
#...................#
#.....e.............####
#######@###.)#####..)...
#.....##.....#......
##.#.7.(#.#...#......
#..#..7.#?....#......
##..##...####..'......
###....####...##.#......
#.........#.7..#.#######
#.......#.#).7.#........
#.........##............


You could see Duvessa (berserk).

Vanquished Creatures
  3 ogres
  A phantom (D:4)
  2 bullfrogs (Sewer)
  2 gnoll sergeants (D:5)
  3 scorpions
  Dowan (D:5)
  2 howler monkeys
  A hound (D:4)
  A jelly (D:4)
  2 iguanas (D:5)
  3 orc wizards
  Natasha (D:2)
  8 gnolls
  15 adders
  5 river rats
  3 ufetubi
  4 worms
  4 dart slugs
  12 orcs
  4 bats
  6 endoplasms
  2 giant cockroaches
  4 hobgoblins
  12 jackals
  3 quokkas
  19 ball pythons
  7 frilled lizards
  2 goblins
  7 kobolds
  27 rats
166 creatures vanquished.

Notes
Turn   | Place    | Note
-------+----------+-------------------------------------------
     0 | D:1      | qw the Gargoyle Hexslinger began the quest for the Orb.
     0 | D:1      | Reached XP level 1. HP: 12/12 MP: 2/2
     0 | D:1      | 0 ||| qw: Version: 0.3-a-52-g30416fa
     0 | D:1      | 0 ||| qw: Game counter: 7756
     0 | D:1      | 0 ||| qw: Melee chars always use a shield: true
     0 | D:1      | 0 ||| qw: God list: Okawaru
     0 | D:1      | 0 ||| qw: Allow faded altars: false
     0 | D:1      | 0 ||| qw: Do Orc after clearing Dungeon:15 true
     0 | D:1      | 0 ||| qw: Do second Lair branch before Depths: true
     0 | D:1      | 0 ||| qw: Lair rune preference: random
     0 | D:1      | 0 ||| qw: Goals: Normal
     0 | D:1      | 0 ||| PLANNING D:1-11
    31 | D:1      | Reached XP level 2. HP: 7/16 MP: 3/3
   104 | D:1      | 104 ||| FLEEEEING.
   105 | D:1      | 105 ||| FLEEEEING.
   106 | D:1      | 106 ||| FLEEEEING.
   107 | D:1      | 107 ||| FLEEEEING.
   108 | D:1      | 108 ||| FLEEEEING.
   109 | D:1      | 109 ||| FLEEEEING.
   116 | D:1      | Reached skill level 3 in Ranged Weapons
   192 | D:1      | Reached XP level 3. HP: 7/21 MP: 4/4
   284 | D:1      | 284 ||| FLEEEEING.
   299 | D:1      | Found a faded altar of an unknown god.
   615 | D:1      | 615 ||| UPGRADING to +0 ring mail.
   625 | D:1      | 625 ||| DROPPING +0 robe.
   626 | D:1      | 626 ||| UPGRADING to +0 cloak.
   631 | D:1      | 631 ||| UPGRADING to amulet of regeneration.
   636 | D:1      | 636 ||| READING scroll labelled MYCHEE QEWYH.
   636 | D:1      | Noticed a bullfrog
   636 | D:1      | Noticed an elephant
   636 | D:1      | Noticed a cane toad
   636 | D:1      | Noticed an elephant
   637 | D:1      | 637 ||| DROPPING scroll of poison.
   689 | D:2      | Reached skill level 1 in Armour
   827 | D:2      | Reached XP level 4. HP: 27/27 MP: 5/5
   969 | D:2      | Found Dapabb's General Store.
   974 | D:2      | 974 ||| SHOPLISTING +4 ring mail of the Little Devil {rC+}
                  | (494 gold, have 92).
   974 | D:2      | 974 ||| SHOPLISTING +8 shortbow (585 gold, have 92).
   974 | D:2      | 974 ||| BUYING scroll of identify (26 gold).
   974 | D:2      | Bought a scroll of identify for 26 gold pieces
  1189 | D:2      | Noticed Natasha
  1195 | D:2      | Killed Natasha
  1196 | D:2      | Reached skill level 4 in Ranged Weapons
  1387 | D:2      | 1387 ||| UPGRADING to +4 ring of protection.
  1388 | D:2      | 1388 ||| READING scroll labelled KEQELA QOUM.
  1389 | D:2      | 1389 ||| DRINKING 3 ruby potions.
  1438 | D:3      | Noticed an ogre
  1445 | D:3      | Killed an ogre
  1446 | D:3      | Reached skill level 5 in Ranged Weapons
  1446 | D:3      | Reached XP level 5. HP: 23/31 MP: 6/6
  1917 | D:3      | Reached skill level 3 in Fighting
  1932 | D:3      | Reached XP level 6. HP: 36/37 MP: 7/7
  2103 | D:3      | 2103 ||| UPGRADING to ring of resist corrosion.
  2104 | D:3      | 2104 ||| READING scroll labelled RURIZO DEAJ.
  2107 | D:3      | 2107 ||| READING scroll labelled ANEPREYREL.
  2108 | D:3      | 2108 ||| READING 3 scrolls of identify.
  2108 | D:3      | 2108 ||| IDENTIFYING bubbling ruby potion
  2109 | D:3      | 2109 ||| READING 2 scrolls of identify.
  2109 | D:3      | 2109 ||| IDENTIFYING brown potion
  2110 | D:3      | 2110 ||| DROPPING potion of brilliance.
  2134 | D:4      | 2134 ||| PLANNING SEWER
  2157 | D:4      | Found a glowing drain.
  2180 | Sewer    | Entered a sewer
  2193 | Sewer    | 2193 ||| Stepping ~*~*~tactically~*~*~ (water).
  2396 | Sewer    | 2396 ||| Stepping ~*~*~tactically~*~*~ (water).
  2398 | Sewer    | Reached skill level 6 in Ranged Weapons
  2500 | Sewer    | 2500 ||| Stepping ~*~*~tactically~*~*~ (water).
  2502 | Sewer    | 2502 ||| Stepping ~*~*~tactically~*~*~ (water).
  2518 | Sewer    | Reached XP level 7. HP: 30/43 MP: 8/8
  2597 | Sewer    | 2597 ||| READING scroll labelled BADANG OMUOFY.
  2598 | Sewer    | 2598 ||| READING scroll labelled BIYVVU GU ASE.
  2599 | Sewer    | 2599 ||| READING scroll labelled RABOUNE WAUCU.
  2600 | Sewer    | 2600 ||| DRINKING 2 viscous purple potions.
  2601 | Sewer    | 2601 ||| DRINKING 2 green potions.
  2602 | Sewer    | 2602 ||| READING 2 scrolls of identify.
  2602 | Sewer    | 2602 ||| IDENTIFYING fuming green potion
  2603 | Sewer    | 2603 ||| DROPPING potion of degeneration.
  2607 | D:4      | 2607 ||| PLANNING D:1-11
  2750 | D:4      | 2750 ||| FLEEEEING.
  2751 | D:4      | 2751 ||| FLEEEEING.
  2754 | D:4      | Reached skill level 7 in Ranged Weapons
  2906 | D:4      | Found a staircase to the Ecumenical Temple.
  2907 | D:4      | 2907 ||| PLANNING TEMPLE
  2907 | D:4      | 2907 ||| READING scroll labelled QOSHUU LUOSIY.
  2908 | D:4      | 2908 ||| DRINKING 2 orange potions.
  2909 | D:4      | 2909 ||| DRINKING 3 potions of curing.
  2909 | D:4      | 2909 ||| (to cure confusion)
  2910 | D:4      | 2910 ||| READING 4 scrolls of identify.
  2910 | D:4      | 2910 ||| IDENTIFYING murky blue potion
  2911 | D:4      | 2911 ||| READING 3 scrolls of identify.
  2911 | D:4      | 2911 ||| IDENTIFYING dark potion
  2912 | D:4      | 2912 ||| READING 2 scrolls of identify.
  2912 | D:4      | 2912 ||| IDENTIFYING amethyst potion
  2913 | D:4      | 2913 ||| DROPPING potion of ambrosia.
  2922 | Temple   | Entered the Ecumenical Temple
  2934 | Temple   | 2934 ||| PLANNING D:1-11
  3163 | D:4      | 3163 ||| FLEEEEING.
  3164 | D:4      | 3164 ||| FLEEEEING.
  3165 | D:4      | 3165 ||| FLEEEEING.
  3166 | D:4      | 3166 ||| FLEEEEING.
  3167 | D:4      | 3167 ||| FLEEEEING.
  3309 | D:5      | Entered Level 5 of the Dungeon
  3314 | D:5      | 3314 ||| STAIRDANCE
  3337 | D:5      | 3337 ||| STAIRDANCE
  3376 | D:4      | HP: 9/43 [gnoll/+0 club[a gnoll sergeant] (5)]
  3377 | D:4      | 3377 ||| READING 3 scrolls of teleportation.
  3378 | D:4      | 3378 ||| DRINKING potion of heal wounds.
  3418 | D:5      | 3418 ||| STAIRDANCE
  3435 | D:5      | Reached XP level 8. HP: 46/48 MP: 9/9
  3439 | D:5      | 3439 ||| STAIRDANCE
  3463 | D:5      | Reached skill level 8 in Ranged Weapons
  4047 | D:5      | 4047 ||| Stepping ~*~*~tactically~*~*~ (outnumbered).
  4071 | D:5      | Reached skill level 9 in Ranged Weapons
  4095 | D:5      | Noticed Dowan
  4096 | D:5      | Noticed Duvessa
  4118 | D:5      | Killed Dowan
  4130 | D:5      | HP: 11/49 [Duvessa/+0 short sword (8)]
  4131 | D:5      | 4131 ||| READING 3 scrolls of teleportation.
  4131 | D:5      | HP: 4/49 [Duvessa/+0 short sword (8)]
  4132 | D:5      | 4132 ||| DRINKING potion of heal wounds.
  4256 | D:5      | 4256 ||| Stepping ~*~*~tactically~*~*~ (outnumbered).
  4267 | D:5      | 4267 ||| DRINKING 2 potions of curing.
  4267 | D:5      | 4267 ||| (to cure confusion)
  4273 | D:5      | 4273 ||| DRINKING potion of curing.
  4273 | D:5      | 4273 ||| (to cure confusion)
  4405 | D:5      | HP: 10/51 [Duvessa/+0 short sword (9)]
  4406 | D:5      | 4406 ||| READING 2 scrolls of teleportation.
  4407 | D:5      | HP: 4/51 [Duvessa/+0 short sword (8)]
  4407 | D:5      | Slain by Duvessa

Levels and vault maps discovered:
D:1:      sevenhm_arrival_forest_fort_small_1, layout_rooms,
          shapermc_ecumenical_altar_petra
D:2:      layout_loops_cross, serial_shops, nicolae_shop_tiny_real_fake_doors,
          uniq_natasha
D:3:      layout_basic
D:4:      layout_rooms, minmay_temple_entry_gardened_gates,
          portal_sewer_entry_b, minmay_pentomino_pile
D:5:      layout_gridville, minmay_bent, uniq_duvessa
Temple:   minmay_freezing_vapour_temple

Skill      XL: |  1  2  3  4  5  6  7  8 |
---------------+-------------------------+-----
Ranged Weapons | 3 5 6 7 9 |  9.0
Fighting       | 2 3 4 5 |  5.7
Armour         | 1 2 |  2.3
Dodging        | 2 |  2.2
Spellcasting   | |  1.0
Hexes          | |  2.6

Action                     |  1- 3 |  4- 6 |  7- 9 || total
---------------------------+-------+-------+-------++-------
   Fire: Sling             |   112 |   350 |   497 ||   959
    Use: Scroll            |     1 |     5 |    11 ||    17
         Potion            |       |     1 |     8 ||     9
 Armour: Robe              |    17 |       |       ||    17
         Ring mail         |    13 |   286 |   438 ||   737
  Dodge: Dodged            |    39 |   270 |   263 ||   572

Table legend:
 A = Non-vault XP
 B = Vault XP
 C = Vault XP percentage of total XP
 D = Non-vault monster count
 E = Vault monster count
 F = Vault count percentage of total count
                 A         B        C        D         E       F
            +---------+---------+-------+---------+---------+-------
      Total |    1362 |     776 |  36.3 |     101 |      65 |  39.2
            +---------+---------+-------+---------+---------+-------
        D:1 |      57 |       0 |   0.0 |      26 |       0 |   0.0
        D:2 |      57 |      35 |  38.0 |      17 |       1 |   5.6
        D:3 |     178 |       0 |   0.0 |      18 |       0 |   0.0
        D:4 |     322 |     146 |  31.2 |      21 |       8 |  27.6
        D:5 |     748 |     203 |  21.3 |      19 |       6 |  24.0
      Sewer |       0 |     392 | 100.0 |       0 |      50 | 100.0
            +---------+---------+-------+---------+---------+-------
